 Dungeon Crawl Stone Soup version 0.28-a0-1435-g82390b3a13 (webtiles) character file.

Game seed: 5923370401957776691

118 leviel the Chopper (level 5, -5/46 (47) HPs)
             Began as a Hill Orc Fighter on Jan 10, 2022.
             Slain by Crazy Yiuf (9 damage)
             ... on level 2 of the Dungeon.
             The game lasted 00:01:44 (2342 turns).

leviel the Chopper (Hill Orc Fighter)               Turns: 2342, Time: 00:01:45

HP:   -5/46 (47)    AC:  8    Str: 21    XL:     5   Next: 2%
MP:   5/5           EV:  9    Int:  8    God:
Gold: 106           SH:  4    Dex: 10    Spells: 4/4 levels left

rFire   . . .      SeeInvis .   a - +0 war axe
rCold   . . .      Faith    .   c - +0 buckler
rNeg    . . .      Spirit   .   b - +0 scale mail
rPois   .          Reflect  .   (no helmet)
rElec   .          Harm     .   (no cloak)
rCorr   .          Rampage  .   (no gloves)
Will    .....                   e - +0 pair of boots
Stlth   ..........              (no amulet)
HPRegen 0.15/turn               (no ring)
MPRegen 0.09/turn               (no ring)

@: lethally poisoned (-5 -> -9), lightly drained
A: no striking features
a: no special abilities


You were on level 2 of the Dungeon.
You visited 1 branch of the dungeon, and saw 2 of its levels.

You collected 106 gold pieces.

Inventory:

Hand Weapons
 a - a +0 war axe (weapon)
Armour
 b - a +0 scale mail (worn)
 c - a +0 buckler (worn)
 e - a +0 pair of boots (worn)
Scrolls
 g - a scroll of teleportation {unknown}
Potions
 d - a potion of might
 f - a potion of curing {unknown}


   Skills:
 + Level 4.3 Fighting
 * Level 4.6 Axes
 + Level 4.0 Armour
 + Level 4.0 Shields


You had 4 spell levels left.
You didn't know any spells.
Your spell library contained the following spells:

 Spells                   Type           Power      Damage    Failure   Level
 Beastly Appendage        Tmut           0%         N/A       83%         1
 Wereblood                Tmut           0%         N/A       92%         2
 Spider Form              Tmut/Pois      0%         N/A       99%         3


Dungeon Overview and Level Annotations

Branches:
Dungeon (2/15)

Altars:

Annotations:
D:2 Crazy Yiuf


Message History

You open the door.
Things that are here:
a +0 dagger; a +0 robe
There is an escape hatch in the floor here.
Key pressed, stopping explore.
Crazy Yiuf shouts!
Could not explore, unopened runed door.
No reachable target in view!
No reachable target in view!
No reachable target in view!
You open the door. You hit Crazy Yiuf.
Crazy Yiuf is lightly wounded.
Crazy Yiuf hits you but does no damage.
You hit Crazy Yiuf.
Crazy Yiuf is moderately wounded.
Crazy Yiuf hits you with a +4 quarterstaff of chaos! x2
You barely miss Crazy Yiuf.
Crazy Yiuf is moderately wounded.
Crazy Yiuf says, "Whippet aubergine sanguine!"
Crazy Yiuf hits you with a +4 quarterstaff of chaos.
You are poisoned.
You hit Crazy Yiuf.
Crazy Yiuf is moderately wounded.
You feel very sick.
Crazy Yiuf hits you with a +4 quarterstaff of chaos.
* * * LOW HITPOINT WARNING * * *
You feel drained.
* * * LOW HITPOINT WARNING * * *
You barely miss Crazy Yiuf.
Crazy Yiuf is moderately wounded.
* * * LOW HITPOINT WARNING * * *
You feel very sick. You block Crazy Yiuf's attack.
Crazy Yiuf hits you but does no damage.
You hit Crazy Yiuf.
Crazy Yiuf is severely wounded.
* * * LOW HITPOINT WARNING * * *
You feel sick.
Crazy Yiuf hits you with a +4 quarterstaff of chaos!
You die...

....>...........#....(......#
...####.............>.......#
...# ##.......###..........#
...# ######### ########...#
#### #.### ♣♣♣♣♣##.## ###
♣♣♣.♣......#
#...#♣..♣.......#
#...g@♣♣♣♣......# #)..#♣♣
♣♣....## ### ♣♣####


You could see Crazy Yiuf.

Vanquished Creatures
  Jessica (D:2)
  3 adders (D:2)
  3 bats
  9 endoplasms
  3 giant cockroaches (D:2)
  6 goblins
  5 hobgoblins
  7 jackals (D:1)
  A quokka (D:2)
  5 ball pythons
  3 frilled lizards
  8 kobolds
  5 rats
59 creatures vanquished.

Vanquished Creatures (others)
  A plant (D:1)
1 creature vanquished.

Grand Total: 60 creatures vanquished

Notes
Turn   | Place    | Note
-------+----------+-------------------------------------------
     0 | D:1      | leviel the Hill Orc Fighter began the quest for the Orb.
     0 | D:1      | Reached XP level 1. HP: 19/19 MP: 1/1
   316 | D:1      | Reached XP level 2. HP: 27/27 MP: 2/2
   679 | D:1      | Reached XP level 3. HP: 33/33 MP: 3/3
  1142 | D:2      | Noticed Jessica
  1156 | D:2      | Killed Jessica
  1157 | D:2      | Reached XP level 4. HP: 23/40 MP: 4/4
  1961 | D:2      | Reached XP level 5. HP: 47/47 MP: 5/5
  2068 | D:2      | Found a runed translucent door.
  2069 | D:2      | Noticed Crazy Yiuf
  2243 | D:2      | Found a faded altar of an unknown god.
  2342 | D:2      | Slain by Crazy Yiuf

Illustrated notes

Levels and vault maps discovered:
D:1:      onia_arrival_pyramid, layout_loops_ring, serial_forest,
          infiniplex_forest_clump_double, infiniplex_forest_straight_2,
          infiniplex_forest_join, infiniplex_forest_straight_2,
          infiniplex_forest_fountain, infiniplex_forest_lined_1,
          infiniplex_forest_lined_room_2, infiniplex_forest_straight_2,
          minmay_misc_feat_nine_boxes
D:2:      minmay_chambers_of_twos, layout_basic,
          shapermc_ecumenical_altar_mp_vishouse, uniq_jessica,
          uniq_crazy_yiuf_cottage

Skill      XL: |  1  2  3  4 |
---------------+-------------+-----
Axes           | 3 4 |  4.6
Fighting       | 4 |  4.3
Armour         | 4 |  4.0
Shields        | 4 |  4.0

Action                   |  1- 3 |  4- 6 || total
-------------------------+-------+-------++-------
Melee: War axe           |    92 |    78 ||   170
  Use: Potion            |       |     1 ||     1
Armor: Scale mail        |    47 |    44 ||    91
Dodge: Dodged            |    44 |    38 ||    82
Block: Buckler           |    25 |    27 ||    52

Table legend: (Time is in decaauts)
 A = Elapsed time spent in this place.
 B = Non-inter-level travel time spent in this place.
 C = Inter-level travel time spent in this place.
 D = Time resting spent in this place.
 E = Time spent auto-exploring this place.
 F = Levels seen in this place.
 G = Mean time per level.
                   A        B        C        D        E       F      G
               +--------+--------+--------+--------+--------+-----+--------+
         Total |   2402 |   2348 |     54 |    107 |   1876 |   2 | 1201.0 |
       Dungeon |   2402 |   2348 |     54 |    107 |   1876 |   2 | 1201.0 |
               +--------+--------+--------+--------+--------+-----+--------+

Top non-repeatable levels by time:
     D:2: 1269 daAuts
     D:1: 1132 daAuts
